AoeStats
← CazadorGT

Nomad

507103841Analyzed
2v2 RM · 17d ago on Sep 16, 2026· 40m 30s· 4 players
Game mode
Random Map
Map size
176×176
Population
200
Speed
Normal
Resources
Standard
Victory
Conquest
Starting age
Dark Age
Ending age
Imperial Age
RankedLock teamsTeams togetherTeam positionsShared explorationLock speedFull tech treeHidden civsTurbo modeCheats
Victory
Defeat
🇫🇷 Lithuanians · France
1196
+14
🇹🇷 Franks · Türkiye
1123
+17
🇬🇹 Portuguese · Guatemala
1149
-16
🇺🇸 Sicilians · United States
1133
-15
CazadorGT
5:30 Loom
13:05 Feudal Age
18:32 Fletching
Lord Jabu-Jabu
8:47 Loom
16:38 Feudal Age
18:09 Double-Bit Axe
18:05 Fishing Lines
20:29 Castle Age
20:11 Forging
21:29 Medium Warships
22:21 Wheelbarrow
21:34 Town Watch
23:38 Stone Mining
23:39 Gold Mining
25:00 Horse Collar
25:56 Scale Mail Armor
26:25 First Crusade
26:48 Chain Mail Armor
27:11 Arson
27:27 Squires
29:57 Heavy Plow
32:52 Imperial Age
31:37 Iron Casting
31:26 Fletching
35:56 Imperial Age
33:40 Scale Barding Armor
33:54 Hand Cart
34:42 Bloodlines
35:19 Ballistics
35:11 Masonry
34:57 Murder Holes
35:21 Husbandry
36:23 Bow Saw
36:01 Cavalier
37:18 Elite Serjeant
39:23 Blast Furnace
39:27 Chain Barding Armor
39:38 Plate Mail Armor
40:29 Plate Mail Armor
Tifrato
6:20 Loom
13:25 Feudal Age
14:12 Double-Bit Axe
20:35 Castle Age
22:26 Fletching
26:21 Bow Saw
25:52 Horse Collar
26:50 Wheelbarrow
28:16 Heavy Plow
29:53 Hand Cart
31:47 Gold Mining
33:17 Scale Barding Armor
35:36 Stone Mining
39:08 Imperial Age
37:01 Husbandry
37:12 Bloodlines
38:14 Chain Barding Armor
38:04 Forging
37:17 Light Cavalry
39:16 Elite Leitis
40:48 Plate Barding Armor
40:55 Iron Casting
40:22 Bodkin Arrow
birol.ogluoglu
5:34 Loom
15:05 Feudal Age
15:42 Double-Bit Axe
18:08 Gold Mining
22:46 Castle Age
20:53 Stone Mining
23:59 Bow Saw
27:04 Wheelbarrow
36:37 Husbandry
36:50 Husbandry
36:57 Scale Barding Armor
40:50 Imperial Age
40:19 Hand Cart
Connection lost

Rejoining the realm…

Still unreachable

The connection could not be restored.

Session expired

The server has moved on; the page needs a fresh start.